 Dungeon Crawl Stone Soup version 0.18.1-8-gdd0e5ea (webtiles) character file.

599756 ponynephrine the Orcish Disaster (level 27, -40/234 (237) HPs)
             Began as a Hill Orc Wanderer on May 13, 2016.
             Was a Believer of Qazlal.
             Annihilated by a juggernaut (64 damage)
             ... on level 13 of a ziggurat on May 21, 2016.
             The game lasted 04:43:46 (70462 turns).

ponynephrine the Orcish Disaster (HOWn)            Turns: 70462, Time: 04:43:46

HP:   -40/234 (237) AC: 33    Str: 24    XL:     27
MP:   34/39         EV: 18    Int: 12    God:    Qazlal [**....]
Gold: 2648          SH: 18    Dex: 21    Spells: 2 memorised, 23 levels left

rFire  + + +     SeeInvis +     u - +9 demon trident (elec)
rCold  + + +     Gourm    .     F - +8 plate armour {MR+}
rNeg   + . .     Faith    +     A - +0 shield of Posiff {rF+ rC+++ rCorr MP-9}
rPois  .         Spirit   .     t - +0 hat "Cavao" {+Fly rElec rN+ Stlth-}
rElec  +         Dismiss  .     C - +2 cloak
rCorr  +         Reflect  .     c - +2 pair of gloves
SustAt .         Harm     .     x - +2 pair of boots {run}
MR     +++..                    p - amulet of faith {Faith, !P}
Stlth  ..........               j - ring "Zoceb" {rF+++ AC+1 Slay+6 SInv Stlth-}
                                S - ring "Dururrim" {MP+9 Str+3 Dex+4 Stlth+}

@: very slightly contaminated, quick, extremely resistant to hostile
enchantments, extremely unstealthy
A: horns 2, talons 1, thin skeletal structure 1, deformed body, fire resistance
1, sense surroundings 1, weak 1
a: Upheaval, Renounce Religion, Evoke Flight
}: 4/15 runes: decaying, slimy, silver, gossamer


You were on level 13 of a ziggurat.
You worshipped Qazlal.
Qazlal was pleased with you.
You were full.

You visited 10 branches of the dungeon, and saw 49 of its levels.
You visited the Abyss 1 time.
You visited 1 bazaar.
You visited 1 ziggurat, and saw 13 of its levels.
You also visited: Ice Cave.

You collected 6076 gold pieces.
You spent 3428 gold pieces at shops.

Inventory:

Hand Weapons
 u - a +9 demon trident of electrocution (weapon)
   (You acquired it on level 15 of the Dungeon)
 T - the +8 halberd of the Equator {holy, rC+ MR+}
   (You found it on level 5 of the Vaults)

   It has been blessed by the Shining One to cause great damage to the undead
   and demons.
   It protects you from cold.
   It affects your resistance to hostile enchantments.
Missiles
 a - 33 javelins (quivered)
 i - 6 tomahawks of dispersal {=f}
 z - 4 throwing nets {=f, !d}
 H - 941 stones
 X - 2 silver javelins
Armour
 c - a +2 pair of gloves (worn)
   (You bought it in a shop on level 2 of the Orcish Mines)
 t - the +0 hat "Cavao" (worn) {+Fly rElec rN+ Stlth-}
   (You found it on level 1 of the Spider Nest)

   It insulates you from electricity.
   It protects you from negative energy.
   It lets you fly.
   It makes you less stealthy.
 x - a +2 pair of boots of running (worn)
   (You bought it in a shop on level 2 of the Orcish Mines)
 A - the +0 shield of Posiff (worn) {rF+ rC+++ rCorr MP-9}
   (You found it in an ice cave)

   It protects you from fire.
   It renders you almost immune to cold.
   It affects your magic capacity (-9).
   It protects you from acid and corrosion.
 C - a +2 cloak (worn)
   (You found it on level 9 of the Dungeon)
 F - a +8 plate armour of magic resistance (worn)
   (You found it on level 6 of the Pits of Slime)
Rods
 y - a +1 rod of ignition (14/14) {!a}
   (You found it on level 6 of a ziggurat)
Jewellery
 j - the ring "Zoceb" (right hand) {rF+++ AC+1 Slay+6 SInv Stlth-}
   (You found it on level 12 of the Dungeon)

   [ring of protection]

   It affects your AC (+1).
   It affects your accuracy and damage with ranged weapons and melee attacks
   (+6).
   It renders you almost immune to fire.
   It lets you see invisible.
   It makes you less stealthy.
 p - an amulet of faith (around neck) {Faith, !P}
   (You found it on level 1 of the Depths)
 D - the ring "Raocs" {rN+ Int+2}
   (You found it on level 3 of the Crypt)

   [ring of positive energy]

   It affects your intelligence (+2).
   It protects you from negative energy.
 E - an uncursed ring of protection from magic {MR+, !d}
   (You found it on level 2 of the Swamp)
 S - the ring "Dururrim" (left hand) {MP+9 Str+3 Dex+4 Stlth+}
   (You found it on level 6 of the Pits of Slime)

   [ring of magical power]

   It affects your strength (+3).
   It affects your dexterity (+4).
   It affects your magic capacity (+9).
   It makes you more stealthy.
Wands
 m - a wand of acid (11/15)
   (You found it on level 2 of the Spider Nest)
 G - a wand of iceblast (8/15)
   (You found it on level 9 of the Dungeon)
 U - a wand of disintegration (7/24)
   (You found it on level 1 of the Depths)
 V - a wand of teleportation (6/9)
   (You found it on level 6 of the Pits of Slime)
Scrolls
 d - a scroll of holy word {!r}
 h - 21 scrolls of remove curse
 k - 17 scrolls of identify
 q - 10 scrolls of recharging
 r - 15 scrolls of teleportation
 v - 9 scrolls of fear
 J - 4 scrolls of magic mapping {!r}
 K - 8 scrolls of fog
 R - 3 scrolls of blinking {!r}
 W - 2 scrolls of summoning
Potions
 b - 2 potions of cure mutation {!q}
 e - 6 potions of magic
 g - a potion of resistance
 l - 3 potions of haste
 n - 2 potions of cancellation
 o - 9 potions of might
 P - 9 potions of curing
 Z - 4 potions of heal wounds
Miscellaneous
 s - an ornate deck of wonders {the Mercenary}
   (You found it on level 9 of a ziggurat)
 B - an ornate deck of wonders {Dowsing}
   (You found it on level 8 of a ziggurat)
 L - a sack of spiders
   (You found it on level 10 of a ziggurat)
 M - a lamp of fire
   (You found it on level 3 of the Crypt)
 N - a box of beasts
   (You found it on level 6 of the Pits of Slime)
 O - a disc of storms
   (You found it on level 6 of the Pits of Slime)
 Q - a fan of gales
   (You found it on level 6 of the Lair of Beasts)
 Y - a phantom mirror
Comestibles
 f - 19 bread rations {@e1}
 w - 21 meat rations {@e2}
 I - 35 fruits


   Skills:
 + Level 17.7 Fighting
 + Level 15.0 Polearms
 + Level 14.7 Throwing
 * Level 18.5 Armour
 + Level 13.7 Dodging
 - Level 5.5 Stealth
 - Level 15.0 Shields
 - Level 3.2 Unarmed Combat
 - Level 1.3 Summonings
 - Level 8.3 Translocations
 * Level 25.5 Invocations
 + Level 14.5 Evocations


You had 23 spell levels left.
You knew the following spells:

 Your Spells              Type           Power        Failure   Level  Hunger
b - Blink                 Tloc           N/A          12%         2    ###....
B - Summon Butterflies    Summ           #.......     96%         1    ##.....


Dungeon Overview and Level Annotations

Branches:
Dungeon (15/15)            Temple (1/1) D:7            Lair (8/8) D:8
  Swamp (4/4) Lair:4       Spider (4/4) Lair:6        Slime (6/6) Lair:8
    Orc (2/2) D:12            Elf (0/3) Orc:2        Vaults (5/5) D:13
  Crypt (3/3) Vaults:2       Tomb (0/3) Crypt:3      Depths (1/5) D:15

Altars:
Ashenzari
Cheibriados
Dithmenos
Elyvilon
Fedhas
Gozag
Kikubaaqudgha
Makhleb
Nemelex Xobeh
Okawaru
Pakellas
Qazlal
Ru
Sif Muna
Trog
Vehumet
Xom
Yredelemnul
Zin
The Shining One
Beogh
Jiyva

Shops:
D:6 [   D:13 ?   Orc:2 [:![   Vaults:1 (   Vaults:2 }   Depths:1 =


Innate Abilities, Weirdness & Mutations

You have a pair of horns on your head.
You have sharp toenails.
You have a somewhat thin skeletal structure (Dex +2, Stealth).
Armour fits poorly on your strangely shaped body.
Your flesh is heat resistant.
You passively map a small area around you.
You are weak. (Str -2)


Message History

Attack whom?
Aim: an iron troll (lightly wounded, encased in ice)
You reach to attack!
You puncture the iron troll!
You feel sick.
You are no longer poisoned.
You take 1 damage, and have 98/234 hp.
Attack whom?
Aim: a juggernaut (black smoke, moderately wounded, encased in ice)
You barely miss the juggernaut. The juggernaut hits you!!!
* * * LOW HITPOINT WARNING * * *
The juggernaut hits you but does no damage.
Things that are here:
a dagger of holy wrath; a robe You take 62 damage, and have 40/234 hp.
MASSIVE DAMAGE!!
Things that are here:
a scimitar; a chain mail You see here a warg corpse.
You see here a steel tomahawk.
The iron troll bites you but does no damage.
You block the iron troll's attack.
The iron troll claws you but does no damage.
A potion of cure mutation.
The floor.
Okay, then.
Drink which item? (? for menu, Esc to quit)
Okay, then.
The ground shakes violently, spewing rubble!
The blast of rubble hits the iron troll.
The blast of rubble hits the orc knight.
The blast of rubble hits the juggernaut.
The blast of rubble hits the stone giant. x2
You now have 25/39 mp.
The juggernaut is no longer encased in ice.
The stone giant completely misses you. The juggernaut hits you!!!
* * * LOW HITPOINT WARNING * * *
The juggernaut hits you.
* * * LOW HITPOINT WARNING * * *
You take 45 damage, and have 3/234 hp.
The stone giant completely misses you.
Items here: ))) [ † a giant spiked club; a club; a mace of crushing; a chain mail; an orc corpse The orc knight is no longer encased in ice.
The juggernaut is engulfed in roaring flames.
Items here: ( )) † a giant club; a halberd; a javelin; an orc corpse You see here a moth of wrath corpse.
Read which item? (? for menu, Esc to quit)
Really read
R - 6 scrolls of blinking {!r}?
Blink to where?
You are very lightly contaminated with residual magic.
As you read the scroll of blinking {!r}, it crumbles to dust.
The juggernaut is engulfed in freezing vapours.
You block the stone giant's attack.
You see here a potion of cure mutation {!q}.
Read which item? (? for menu, Esc to quit)
Really read
R - 5 scrolls of blinking {!r}? [Y]es or [N]o only, please.
Really read
R - 5 scrolls of blinking {!r}? [Y]es or [N]o only, please.
Really read
R - 5 scrolls of blinking {!r}?
Blink to where?
As you read the scroll of blinking {!r}, it crumbles to dust.
Aim: a stone giant (heavily wounded)
A storm cloud blasts the area with cutting wind!
The cutting wind hits the stone giant.
You kill the stone giant!
Qazlal accepts your kill.
The cutting wind hits the juggernaut.
The juggernaut is harmlessly tossed around.
The cutting wind hits the orc knight.
You kill the orc knight!
Qazlal accepts your kill.
You now have 29/39 mp.
The iron troll shouts!
You see here a warg corpse.
You block the stone giant's attack.
Things that are here:
a dagger of holy wrath; a robe Read which item? (? for menu, Esc to quit)
Really read
R - 4 scrolls of blinking {!r}?
Blink to where?
As you read the scroll of blinking {!r}, it crumbles to dust.
Aim: a juggernaut (translocational energy, moderately wounded)
You reflect the juggernaut with the mirror, and the mirror shatters!
Your juggernaut hits the iron troll! Your juggernaut hits the iron troll.
What do you say? t - Shout!
Orders for allies: a - Attack new target. p - Attack previous target. r - Retreat! s - Stop attacking. w - Wait here. f - Follow me.
Anything else - Stay silent.
Gang up on whom?
Aim: a juggernaut (moderately wounded) Attack!
Your juggernaut hits the iron troll!!
The iron troll dies!
Qazlal accepts your kill. The juggernaut hits you!!!
You die...

▓.........(.............▓
▓......)[.(.............▓
▓.............(......))[▓
▓......).†..........)!(%▓
▓§...†)..))≈≈≈.......)(∩▓
▓(§.([)..(.≈8≈......["}>▓
▓..()..†)).≈≈§...C...)?∩▓
▓..(.)..))....C......?=)▓
▓............@C.§....%()▓
▓.....(.()..†(§.........▓
▓.......................▓
▓▓▓▓▓▓▓...........▓▓▓▓▓▓▓
▓...........▓
▓...........▓
▓▓▓▓▓▓▓▓▓▓▓▓▓


You could see a juggernaut, a stone giant and a friendly juggernaut.

Vanquished Creatures
  the Royal Jelly (Slime:6)
  Dissolution (Slime:4)
  2 ancient liches (Vaults:5)
  2 juggernauts
  Mara (Spider:3)
  A greater mummy (Crypt:3)
  the Lernaean hydra (Swamp:4)
  Frederick (Crypt:3)
  A caustic shrike (Zig:9)
  Nikola (Spider:1)
  An iron giant (Zig:8)
  3 liches
  2 electric golems (Zig:12)
  Jorgrun (Crypt:1)
  An Ice Fiend (IceCv)
  Rupert (Lair:4)
  3 tentacled monstrosities (Vaults:5)
  11 titans
  25 acid blobs
  8 sphinxes
  Gastronok (Lair:1)
  4 ancient champions
  Kirke (Swamp:2)
  6 storm dragons
  A thorn hunter (Swamp:4)
  4 greater nagas
  4 tengu reavers
  3 revenants
  10 azure jellies
  3 shadow dragons (Vaults:5)
  2 fire giants
  2 frost giants
  Donald (Spider:1)
  4 ghost moths
  6 emperor scorpions
  Wiglaf (Crypt:1)
  A deep elf sorcerer (Vaults:5)
  19 vault wardens
  6 curse skulls
  2 ghouls (Crypt:2)
  3 orc warlords
  10 ironheart preservers
  Louise (Swamp:2)
  2 reapers
  10 very ugly things
  4 war gargoyles
  17 stone giants
  A deep elf demonologist (Vaults:5)
  A caustic shrike skeleton (Crypt:1)
  An apis (Depths:1)
  8 vampire knights
  2 dire elephants (Zig:9)
  4 salamander stormcallers
  5 spark wasps
  5 deep elf death magi
  6 eidola
  8 jiangshi
  A merfolk javelineer (Zig:3)
  7 fire dragons
  3 blizzard demons (Zig:10)
  A crystal guardian (Vaults:3)
  An ettin (shapeshifter) (Zig:11)
  2 mummy priests
  8 death oozes
  4 ettins
  2 deep elf high priests (Vaults:5)
  33 vault guards
  7 yaktaur captains
  3 ice dragons
  Fannar (Lair:2)
  10 great orbs of eyes
  3 spriggan air magi (Zig:12)
  A naga warrior (Zig:5)
  An entropy weaver (Spider:4)
  A juggernaut simulacrum (Zig:7)
  29 hydras
  A hydra (shapeshifter) (Vaults:5)
  A ghost crab (Swamp:2)
  A ghost crab (shapeshifter) (Vaults:1)
  Erica (D:8)
  An ice dragon (shapeshifter) (Zig:11)
  8 alligators
  2 catoblepae
  3 death knights (Crypt:1)
  7 centaur warriors
  Erolcha (D:9)
  4 tengu warriors
  2 anacondas (Zig:6)
  12 death yaks
  13 ogre magi
  6 deep troll earth magi
  A quicksilver dragon skeleton (Crypt:1)
  3 deep troll shamans
  4 vampire magi
  A dancing weapon (Vaults:5)
  2 orc high priests (Zig:13)
  5 shock serpents
  2 iron giant zombies
  A soul eater (Crypt:1)
  3 titan skeletons
  3 deep elf knights
  3 fire crabs (shapeshifter)
  An iron troll (Zig:13)
  2 storm dragon zombies
  5 shadow wraiths
  3 unseen horrors
  A death scarab (Zig:4)
  35 skeletal warriors
  A salamander mystic (Zig:5)
  A golden dragon zombie (Crypt:2)
  A sea snake (shapeshifter) (Vaults:5)
  A sea snake (Zig:3)
  A spriggan druid (Swamp:1)
  7 swamp dragons
  10 deep trolls
  A swamp dragon (shapeshifter) (Zig:11)
  4 flayed ghosts
  A golden dragon skeleton (Crypt:1)
  2 giant orange brains
  7 harpies
  A harpy (shapeshifter) (Vaults:3)
  2 deep elf archers
  A lindwurm (shapeshifter) (Vaults:5)
  Pikel (D:7)
  8 hill giants
  An anubis guard (shapeshifter) (Depths:1)
  2 shambling mangroves
  11 orc knights
  8 phantasmal warriors
  17 ironbrand convokers
  6 necromancers
  A lindwurm (Lair:8)
  34 wolf spiders
  13 orc sorcerers
  24 orb spiders
  A fire giant zombie (D:15)
  41 ugly things
  3 tengu skeletons
  4 shining eyes
  9 manticores
  7 deep elf magi
  2 wizards
  9 griffons
  2 human zombies (Vaults:4)
  2 guardian serpents
  5 cyclopes
  A manticore (shapeshifter) (Zig:11)
  A frost giant zombie (D:15)
  A sphinx skeleton (Depths:1)
  9 elephants
  A moth of wrath (shapeshifter) (Zig:11)
  10 hornets
  6 moths of wrath
  3 salamanders (Vaults:4)
  An iron dragon skeleton (Crypt:2)
  7 black mambas
  4 centaur zombies
  2 fire giant skeletons
  A black mamba (shapeshifter) (Vaults:2)
  11 vault sentinels
  Psyche (D:10)
  2 spriggan zombies (Zig:10)
  2 naga magi
  Maurice (D:12)
  4 frost giant skeletons
  5 gargoyles
  5 torpor snails
  4 ice statues (IceCv)
  A titan simulacrum (Crypt:2)
  2 eyes of devastation
  4 rime drakes
  A rime drake (shapeshifter) (Vaults:4)
  20 spiny frogs
  A hellion (Zig:7)
  A dire elephant skeleton (Crypt:2)
  A tormentor (Zig:7)
  9 komodo dragons
  10 freezing wraiths
  2 anaconda simulacra (IceCv)
  2 redback zombies
  An efreet (D:13)
  33 guardian mummies
  10 ice devils
  A komodo dragon (shapeshifter) (D:15)
  35 yaktaurs
  A golden dragon simulacrum (IceCv)
  22 demonic crawlers
  A harpy zombie (Crypt:2)
  13 trolls
  2 tengu conjurers (Vaults:2)
  29 jumping spiders
  3 merfolk (Zig:3)
  A wind drake (shapeshifter) (Zig:11)
  100 slime creatures
  13 bog bodies
  11 two-headed ogres
  Prince Ribbit (Lair:2)
  7 giant leeches
  A harpy skeleton (Crypt:1)
  2 raiju (Zig:12)
  17 blink frogs
  A guardian serpent zombie (Crypt:2)
  11 boulder beetles
  12 ushabtiu
  7 air elementals (Zig:12)
  A fire giant simulacrum (Crypt:2)
  5 ettin skeletons
  7 shadows
  3 dire elephant simulacra (IceCv)
  12 flying skulls
  2 fire dragon skeletons (Depths:1)
  23 tarantellas
  An ice dragon skeleton (Depths:1)
  50 redbacks
  5 spriggans
  A deep troll skeleton (Depths:1)
  5 wyverns
  9 wraiths
  A wind drake zombie (Crypt:3)
  34 yaks
  A hippogriff (shapeshifter) (Vaults:4)
  12 hippogriffs
  7 basilisks
  6 hogs (Swamp:2)
  An elf zombie (Zig:10)
  A basilisk (shapeshifter) (Vaults:5)
  2 steam dragons
  Grum (D:9)
  41 vampire mosquitoes
  2 hungry ghosts
  16 golden eyes
  12 wargs
  A yaktaur simulacrum (Vaults:4)
  A hill giant skeleton (Crypt:2)
  A human simulacrum (Vaults:3)
  31 swamp worms
  An iron troll simulacrum (IceCv)
  A harpy simulacrum (IceCv)
  6 insubstantial wisps (Swamp:2)
  6 mottled dragons
  5 nagas
  A putrid demonspawn zombie (Crypt:2)
  15 water moccasins
  A spiny frog zombie (Crypt:3)
  2 hydra simulacra (IceCv)
  Edmund (D:6)
  A human skeleton (Zig:7)
  5 ice beasts
  A swamp drake (shapeshifter) (Vaults:4)
  40 orc warriors
  12 porcupines
  9 swamp drakes
  5 eyes of draining
  4 hell hounds
  4 sky beasts
  A manticore zombie (Crypt:1)
  2 slaves
  16 wasps
  5 black bears
  35 ogres
  5 phantoms
  2 necrophages (Crypt:2)
  13 wolves
  28 centaurs
  A big kobold (D:11)
  27 crocodiles
  27 giant frogs
  Blork the orc (D:5)
  A gnoll sergeant (D:5)
  7 earth elementals
  A wyvern zombie (Crypt:2)
  4 yaktaur skeletons
  An elf skeleton (Crypt:1)
  3 wyvern skeletons
  A boulder beetle zombie (Crypt:2)
  4 scorpions
  14 killer bees
  A polar bear zombie (Crypt:1)
  A troll skeleton (Crypt:1)
  2 spriggan skeletons
  13 wights
  2 electric eels
  3 howler monkeys
  2 giant frog zombies
  11 crimson imps
  8 hounds
  32 jellies
  A quasit (D:8)
  A two-headed ogre zombie (Crypt:1)
  19 orc priests
  4 giant frog skeletons
  6 centaur skeletons
  Jessica (D:2)
  11 iguanas
  Ijyb (D:3)
  Terence (D:3)
  44 orc wizards
  13 worker ants
  A porcupine skeleton (Lair:1)
  27 sheep
  A crocodile skeleton (Crypt:2)
  2 hound zombies
  9 mummies
  2 worker ant zombies
  9 gnolls
  A howler monkey skeleton (D:10)
  13 adders
  51 river rats
  A shadow imp (D:5)
  16 white imps
  An ooze (D:2)
  A sheep zombie (Crypt:3)
  14 worms
  A dart slug (D:1)
  2 giant geckos
  A giant gecko (shapeshifter) (Vaults:5)
  133 orcs
  3 ball pythons
  7 giant cockroaches
  5 goblins
  8 hobgoblins
  8 jackals
  4 quokkas
  5 bats
  2 giant cockroach zombies
  A giant gecko skeleton (D:4)
  7 giant newts
  A goblin zombie (Crypt:1)
  A jackal zombie (D:7)
  16 kobolds
  2 quokka zombies
  8 rats
  A butterfly (D:7)
  3 fire vortices (Vaults:4)
  47 fungi
  3 lost souls
  35 plants
2460 creatures vanquished.

Vanquished Creatures (collateral kills)
  An acid blob (Slime:6)
  An iron troll (Zig:13)
2 creatures vanquished.

Vanquished Creatures (others)
  A frost giant (Vaults:5)
  A deep troll shaman (Vaults:4)
  A spiny frog (Lair:8)
  A wasp (D:2)
  A slave (D:7)
  An orc priest (D:10)
  An orc wizard (D:7)
  A hound zombie (D:7)
  An adder skeleton (D:7)
  A worm (shapeshifter) (Vaults:5)
  An orc (Vaults:5)
  A bush (Lair:3)
  16 fungi
  5 lost souls
  10 plants
  5 starspawn tentacle segments (Abyss:3)
48 creatures vanquished.

Grand Total: 2510 creatures vanquished

Notes
Turn   | Place    | Note
--------------------------------------------------------------
     0 | D:1      | ponynephrine the Hill Orc Wanderer began the quest for the Orb.
     0 | D:1      | ponynephrine set off with: 4 curare-tipped needles, a +2 blowgun, a potion of lignification {!q}, a +0 spear, a +0 robe, a bread ration {@e1}
     0 | D:1      | Reached XP level 1. HP: 19/19 MP: 1/1
   169 | D:1      | Reached XP level 2. HP: 26/26 MP: 2/2
   360 | D:1      | Reached skill level 2 in Throwing
   615 | D:1      | Reached XP level 3. HP: 27/31 MP: 3/3
   911 | D:2      | Noticed Jessica
   927 | D:2      | Killed Jessica
   927 | D:2      | Reached skill level 2 in Stealth
   927 | D:2      | Reached XP level 4. HP: 31/39 MP: 4/4
  1163 | D:2      | Reached skill level 3 in Throwing
  1302 | D:2      | Found an oddly glowing altar of Pakellas.
  1302 | D:2      | Noticed an orange crystal statue
  1303 | D:2      | Noticed a wasp
  1345 | D:2      | Killed a wasp
  1562 | D:3      | Reached XP level 5. HP: 45/45 MP: 5/5
  1576 | D:3      | Noticed Terence
  1592 | D:3      | Killed Terence
  1592 | D:3      | Reached skill level 2 in Polearms
  1986 | D:3      | Noticed Ijyb
  2027 | D:3      | Killed Ijyb
  2293 | D:4      | Noticed an ogre
  2524 | D:4      | Killed an ogre
  2524 | D:4      | Reached skill level 3 in Polearms
  2524 | D:4      | Reached skill level 4 in Throwing
  2524 | D:4      | Reached skill level 3 in Stealth
  2524 | D:4      | Reached XP level 6. HP: 33/51 MP: 6/6
  2530 | D:4      | Reached skill level 1 in Armour
  2693 | D:4      | Reached XP level 7. HP: 25/57 MP: 7/7
  2981 | D:4      | Found an ancient bone altar of Kikubaaqudgha.
  3288 | D:5      | Entered Level 5 of the Dungeon
  3296 | D:5      | Reached skill level 4 in Polearms
  3537 | D:4      | Reached skill level 2 in Armour
  3792 | D:5      | Found a stormy altar of Qazlal.
  3800 | D:5      | Became a worshipper of Qazlal Stormbringer
  3828 | D:5      | Noticed Blork the orc
  4081 | D:5      | Reached skill level 1 in Invocations
  4362 | D:5      | Reached skill level 5 in Polearms
  4362 | D:5      | Reached skill level 1 in Shields
  4362 | D:5      | Reached skill level 2 in Invocations
  4362 | D:5      | Reached XP level 8. HP: 40/64 MP: 9/9
  5050 | D:5      | Reached * piety under Qazlal
  5050 | D:5      | Reached skill level 4 in Stealth
  5180 | D:4      | Reached skill level 3 in Invocations
  5680 | D:4      | Reached skill level 2 in Shields
  5714 | D:4      | Reached skill level 3 in Armour
  5820 | D:4      | Reached skill level 5 in Throwing
  6077 | D:5      | Killed Blork the orc
  6198 | D:6      | Found a shimmering altar of Xom.
  6199 | D:6      | Found a shimmering altar of Xom.
  6200 | D:6      | Got a faintly glowing glass ring
  6201 | D:6      | Identified the ring of Liberty {Ice Str+4 Dex+4} (You found it on level 6 of the Dungeon)
  6209 | D:6      | Reached skill level 6 in Polearms
  6209 | D:6      | Reached skill level 4 in Invocations
  6253 | D:6      | Reached XP level 9. HP: 52/70 MP: 12/12
  6383 | D:6      | Noticed Edmund
  6383 | D:6      | Paralysed by Edmund for 7 turns
  6400 | D:6      | Killed Edmund
  6429 | D:6      | Found a shimmering altar of Xom.
  6475 | D:5      | Reached skill level 5 in Invocations
  6838 | D:6      | Found a radiant altar of Vehumet.
  6984 | D:6      | Reached skill level 4 in Armour
  7091 | D:6      | Found Ziukev's Armour Shoppe.
  7176 | D:6      | Found a shattered altar of Ashenzari.
  7243 | D:6      | Noticed a brown ugly thing
  7659 | D:7      | Noticed Pikel
  7985 | D:6      | HP: 13/71 [orc warrior/dire flail (22)]
  7992 | D:5      | HP: 11/71 [orc (4)]
  8008 | D:5      | Reached skill level 4 in Fighting
  8008 | D:5      | Reached skill level 7 in Polearms
  8008 | D:5      | Reached skill level 3 in Shields
  8368 | D:6      | Reached skill level 6 in Invocations
  8535 | D:7      | Reached ** piety under Qazlal
  8879 | D:7      | Found an opulent altar of Gozag.
  9081 | D:7      | Killed Pikel
  9081 | D:7      | Reached skill level 6 in Throwing
  9081 | D:7      | Reached skill level 5 in Stealth
  9081 | D:7      | Reached skill level 7 in Invocations
  9081 | D:7      | Reached XP level 10. HP: 80/80 MP: 13/15
  9090 | D:7      | Reached skill level 4 in Shields
  9284 | D:7      | Found a staircase to the Ecumenical Temple.
  9497 | Temple   | Entered the Ecumenical Temple
  9850 | D:7      | Reached skill level 5 in Armour
 10337 | D:8      | Noticed Erica
 10372 | D:8      | Found a staircase to the Lair.
 10391 | Lair:1   | Entered Level 1 of the Lair of Beasts
 10475 | Lair:1   | Reached skill level 8 in Polearms
 10702 | Lair:1   | Reached skill level 5 in Fighting
 10856 | Lair:1   | Noticed Gastronok
 11645 | Lair:1   | Reached skill level 8 in Invocations
 12605 | Lair:1   | Noticed a six-headed hydra
 12663 | Lair:1   | Killed a six-headed hydra
 12663 | Lair:1   | Reached skill level 2 in Evocations
 13020 | Lair:2   | Reached skill level 9 in Polearms
 13062 | Lair:2   | Reached XP level 11. HP: 86/89 MP: 17/17
 13126 | Lair:2   | Reached skill level 9 in Invocations
 13327 | Lair:2   | Reached skill level 6 in Fighting
 13563 | Lair:2   | Noticed Prince Ribbit
 14013 | Lair:3   | Reached skill level 6 in Armour
 14368 | Lair:3   | Reached skill level 3 in Evocations
 15614 | Lair:2   | Noticed Fannar
 15666 | Lair:2   | Killed Fannar
 15666 | Lair:2   | Reached skill level 10 in Invocations
 15698 | Lair:2   | Reached skill level 10 in Polearms
 16030 | Lair:2   | Reached skill level 7 in Fighting
 16242 | Lair:2   | Reached skill level 7 in Throwing
 16611 | Lair:2   | Noticed a six-headed hydra
 16750 | Lair:4   | Noticed Rupert
 16753 | Lair:3   | HP: 23/92 [poisoned by a water moccasin]
 16758 | Lair:3   | HP: 19/92 [poisoned by a water moccasin]
 16763 | Lair:3   | HP: 15/92 [poisoned by a water moccasin]
 16768 | Lair:3   | HP: 13/92 [poisoned by a water moccasin]
 16773 | Lair:3   | HP: 12/92 [poisoned by a water moccasin]
 16781 | Lair:3   | HP: 12/92 [poisoned by a water moccasin]
 16787 | Lair:2   | HP: 12/92 [poisoned by a water moccasin]
 16793 | Lair:2   | HP: 12/92 [poisoned by a water moccasin]
 16799 | Lair:2   | HP: 12/92 [poisoned by a water moccasin]
 17200 | Lair:1   | HP: 23/92 [something (5)]
 17201 | Lair:1   | Killed Gastronok
 17201 | Lair:1   | Reached XP level 12. HP: 21/100 MP: 5/20
 17202 | Lair:1   | HP: 4/100 [poison (dark miasma)]
 17639 | Lair:2   | Reached skill level 4 in Evocations
 17665 | Lair:2   | Killed Prince Ribbit
 17665 | Lair:2   | Reached skill level 7 in Armour
 18103 | Lair:3   | Reached skill level 11 in Invocations
 18613 | D:8      | Killed Erica
 18770 | D:8      | Reached skill level 8 in Fighting
 18844 | D:8      | Reached skill level 11 in Polearms
 18864 | D:8      | Got a heavy robe
 18866 | D:8      | Identified the +1 robe "Modes" {rElec rCorr Str-5} (You found it on level 8 of the Dungeon)
 19278 | D:9      | Noticed Erolcha
 19432 | D:9      | Upgraded the game from 0.18.1-5-g4a78601 to 0.18.1-6-gd335043
 19461 | D:9      | Killed Erolcha
 19684 | D:9      | Reached *** piety under Qazlal
 20011 | D:9      | Noticed Grum
 20033 | D:9      | Killed Grum
 20338 | D:10     | Entered Level 10 of the Dungeon
 20485 | D:10     | Reached skill level 5 in Evocations
 20698 | D:10     | Reached skill level 12 in Invocations
 20853 | D:10     | Noticed Psyche
 20876 | D:10     | Killed Psyche
 21153 | D:11     | Reached skill level 8 in Armour
 21289 | D:11     | Gained mutation: You have a somewhat thin skeletal structure (Dex +2, Stealth). [potion of mutation]
 21289 | D:11     | Gained mutation: You passively map a small area around you. [potion of mutation]
 21289 | D:11     | Gained mutation: You have a pair of small horns on your head. [potion of mutation]
 21290 | D:11     | Gained mutation: Your spells are a little harder to cast, but a little more powerful. [potion of mutation]
 21291 | D:11     | Gained mutation: You have sharp toenails. [potion of mutation]
 21291 | D:11     | Gained mutation: You are weak. (Str -2) [potion of mutation]
 21291 | D:11     | Gained mutation: Your flesh is heat resistant. [potion of mutation]
 21292 | D:11     | Gained mutation: You are robust (+10% HP). [potion of mutation]
 21293 | D:11     | Gained mutation: You are agile. (Dex +2) [potion of mutation]
 21293 | D:11     | Lost mutation: Your spells are a little harder to cast, but a little more powerful. [potion of mutation]
 21294 | D:11     | Gained mutation: You have a pair of horns on your head. [potion of mutation]
 21294 | D:11     | Lost mutation: You are agile. (Dex +2) [potion of mutation]
 21353 | D:11     | Reached XP level 13. HP: 118/118 MP: 22/22
 21758 | D:10     | Reached skill level 1 in Dodging
 21919 | D:10     | Found a glowing golden altar of the Shining One.
 22275 | D:11     | Reached skill level 8 in Throwing
 22326 | D:12     | Noticed Maurice
 22329 | D:12     | Killed Maurice
 22954 | D:12     | Reached skill level 2 in Dodging
 23238 | D:12     | Got a faintly glowing quarterstaff {flame}
 23239 | D:12     | Identified the +7 quarterstaff of Kozuim {flame, rElec rF+ Int-3 Stlth+} (You took it off an orc on level 12 of the Dungeon)
 23245 | D:12     | Found a staircase to the Orcish Mines.
 23403 | D:12     | Reached skill level 12 in Polearms
 23491 | D:12     | Got a wavering pewter ring
 23492 | D:12     | Identified the ring "Zoceb" {rF+++ AC+1 Slay+6 SInv Stlth-} (You found it on level 12 of the Dungeon)
 23525 | D:12     | Reached skill level 9 in Fighting
 23674 | D:13     | Reached **** piety under Qazlal
 23715 | D:13     | Noticed a vault guard
 23721 | D:13     | Noticed a vault guard
 23725 | D:13     | Noticed a vault guard
 23726 | D:13     | Killed a vault guard
 23726 | D:13     | Reached skill level 13 in Invocations
 23726 | D:13     | Reached skill level 6 in Evocations
 23761 | D:12     | Reached skill level 3 in Dodging
 23980 | D:13     | Killed a vault guard
 24033 | D:13     | Killed a vault guard
 24040 | D:13     | Found a gate to the Vaults.
 24110 | D:13     | Noticed a vault guard
 24129 | D:13     | Killed a vault guard
 24411 | D:13     | Found Xexiket's Magic Scroll Boutique.
 24419 | D:13     | Bought a scroll of summoning for 123 gold pieces
 24419 | D:13     | Bought a scroll of brand weapon for 260 gold pieces
 24419 | D:13     | Bought a scroll of teleportation for 39 gold pieces
 24419 | D:13     | Bought a scroll of teleportation for 39 gold pieces
 24783 | D:14     | Reached skill level 4 in Dodging
 24783 | D:14     | Reached XP level 14. HP: 127/129 MP: 24/24
 25171 | Lair:4   | Killed Rupert
 25171 | Lair:4   | Reached skill level 9 in Armour
 25406 | Lair:4   | Reached skill level 14 in Invocations
 25646 | Lair:4   | Found a staircase to the Swamp.
 26584 | Lair:5   | Found a blossoming altar of Fedhas.
 27320 | Lair:5   | Reached skill level 5 in Dodging
 27320 | Lair:5   | Reached skill level 7 in Evocations
 27498 | Lair:6   | Reached skill level 13 in Polearms
 27844 | Lair:6   | Reached skill level 10 in Fighting
 27859 | Lair:6   | Reached skill level 9 in Throwing
 28166 | Lair:6   | Found a hole to the Spider Nest.
 29056 | Lair:7   | Reached XP level 15. HP: 138/138 MP: 26/26
 29281 | Lair:7   | Reached ***** piety under Qazlal
 29571 | Lair:8   | Entered Level 8 of the Lair of Beasts
 29690 | Lair:8   | Reached skill level 6 in Dodging
 29795 | Lair:8   | Reached skill level 15 in Invocations
 30248 | Lair:8   | Identified a scroll of acquirement
 30518 | Lair:8   | Found a viscous altar of Jiyva.
 30518 | Lair:8   | Found a staircase to the Slime Pits.
 31173 | D:14     | Reached skill level 8 in Evocations
 31188 | D:14     | Reached skill level 14 in Polearms
 31405 | D:14     | Reached skill level 10 in Armour
 31778 | D:15     | Entered Level 15 of the Dungeon
 31819 | D:15     | Reached skill level 11 in Fighting
 32265 | D:15     | Reached skill level 16 in Invocations
 32355 | D:15     | Reached XP level 16. HP: 151/151 MP: 24/28
 32480 | D:15     | Found a staircase to the Depths.
 33577 | Spider:1 | Entered Level 1 of the Spider Nest
 33718 | Spider:1 | Noticed Donald
 33738 | Spider:1 | Killed Donald
 33991 | Spider:1 | Reached skill level 10 in Throwing
 34113 | Spider:1 | Noticed Nikola
 34286 | Spider:2 | Reached skill level 9 in Evocations
 34362 | Spider:2 | Reached ****** piety under Qazlal
 34428 | Spider:2 | Reached skill level 17 in Invocations
 34502 | Spider:2 | Reached skill level 12 in Fighting
 34520 | Spider:2 | Reached skill level 11 in Armour
 35738 | Spider:3 | Reached skill level 7 in Dodging
 35775 | Spider:3 | Noticed Mara
 35779 | Spider:3 | Killed Mara
 35779 | Spider:3 | Reached XP level 17. HP: 160/160 MP: 16/29
 36082 | Spider:3 | Found a frozen archway.
 36109 | IceCv    | Entered an ice cave
 36217 | IceCv    | Noticed an Ice Fiend
 36221 | IceCv    | Killed an Ice Fiend
 36344 | IceCv    | Reached skill level 18 in Invocations
 36607 | IceCv    | Got a transparent shield
 36608 | IceCv    | Identified the +0 shield of Posiff {rF+ rC+++ rCorr MP-9} (You found it in an ice cave)
 37707 | Spider:4 | Entered Level 4 of the Spider Nest
 37776 | Spider:4 | Reached skill level 8 in Dodging
 38399 | Spider:4 | HP: 40/162 [demonic crawler (1)]
 38801 | Spider:4 | Reached skill level 13 in Fighting
 38811 | Spider:4 | Reached skill level 10 in Evocations
 39120 | Spider:4 | Reached skill level 11 in Throwing
 39129 | Spider:4 | Reached XP level 18. HP: 167/172 MP: 0/31
 39211 | Spider:4 | Reached skill level 19 in Invocations
 39527 | Spider:4 | Got a gossamer rune of Zot
 39766 | Spider:1 | Got a warped hat
 39767 | Spider:1 | Identified the cursed +0 hat "Cavao" {+Fly rElec rN+ Stlth-} (You found it on level 1 of the Spider Nest)
 39885 | Spider:1 | Killed Nikola
 39885 | Spider:1 | Reached skill level 12 in Armour
 40920 | Swamp:1  | Entered Level 1 of the Swamp
 41216 | Swamp:1  | Reached skill level 9 in Dodging
 41658 | Swamp:2  | Noticed Kirke
 41668 | Swamp:2  | Killed Kirke
 41892 | Swamp:2  | Identified the Reference Book on Earthen Envenoming (You found it on level 2 of the Swamp)
 42075 | Swamp:2  | Noticed Louise
 42078 | Swamp:2  | Killed Louise
 43477 | Swamp:4  | Entered Level 4 of the Swamp
 43720 | Swamp:4  | Noticed the 27-headed Lernaean hydra
 43723 | Swamp:4  | Killed the 27-headed Lernaean hydra
 43787 | Swamp:4  | Reached skill level 10 in Dodging
 43931 | Swamp:4  | Got a decaying rune of Zot
 43954 | Swamp:4  | Reached XP level 19. HP: 182/182 MP: 32/32
 44309 | Swamp:4  | Reached skill level 20 in Invocations
 44588 | Lair:1   | Upgraded the game from 0.18.1-6-gd335043 to 0.18.1-8-gdd0e5ea
 44683 | Orc:1    | Entered Level 1 of the Orcish Mines
 44805 | Orc:1    | Found a roughly hewn altar of Beogh.
 44853 | Orc:2    | Entered Level 2 of the Orcish Mines
 44883 | Orc:2    | Found a flickering gateway to a bazaar.
 44894 | Bazaar   | Entered a bazaar
 44895 | Bazaar   | Found Korr's Assorted Antiques.
 44903 | Bazaar   | Found Ytuwn's Antique Armour Emporium.
 44904 | Bazaar   | Found Ihenac's Magic Scroll Shoppe.
 44917 | Bazaar   | Found Omudarch's Magic Scroll Boutique.
 44954 | Bazaar   | Found Taop's Weapon Boutique.
 44991 | Bazaar   | Bought a scroll of summoning for 171 gold pieces
 44991 | Bazaar   | Bought a scroll of teleportation for 54 gold pieces
 44991 | Bazaar   | Bought a scroll of blinking for 135 gold pieces
 44999 | Bazaar   | Bought a scroll of enchant armour for 112 gold pieces
 44999 | Bazaar   | Bought a scroll of teleportation for 45 gold pieces
 44999 | Bazaar   | Bought a scroll of teleportation for 45 gold pieces
 44999 | Bazaar   | Bought a scroll of blinking for 112 gold pieces
 44999 | Bazaar   | Bought a scroll of recharging for 142 gold pieces
 45012 | Bazaar   | Bought a faintly humming ring mail for 162 gold pieces
 45012 | Bazaar   | Identified the +1 ring mail "Aqiffe" {rPois} (You bought it in a shop in a bazaar)
 45430 | Orc:2    | Found a staircase to the Elven Halls.
 45871 | Orc:2    | Found Daacruewiu's Antique Armour Emporium.
 45959 | Orc:2    | Found an ancient bone altar of Kikubaaqudgha.
 45984 | Orc:2    | Found Ycvoymoi's Distillery.
 46050 | Orc:2    | Cast into level 3 of the Abyss (an ogre mage)
 46051 | Abyss:3  | Found a corrupted altar of Lugonu.
 46071 | Orc:2    | Escaped the Abyss
 46080 | Orc:2    | Found a radiant altar of Vehumet.
 46159 | Orc:2    | Found a roughly hewn altar of Beogh.
 46159 | Orc:2    | Found Piryqur's Book Emporium.
 46185 | Orc:2    | Bought a potion of curing for 33 gold pieces
 46185 | Orc:2    | Bought a potion of heal wounds for 55 gold pieces
 46185 | Orc:2    | Bought a potion of haste for 110 gold pieces
 46185 | Orc:2    | Bought a potion of curing for 33 gold pieces
 46185 | Orc:2    | Bought a potion of curing for 33 gold pieces
 46185 | Orc:2    | Bought a potion of haste for 110 gold pieces
 46185 | Orc:2    | Bought a potion of curing for 33 gold pieces
 46200 | Orc:2    | Found Evvai's Antique Armour Emporium.
 46282 | Orc:2    | Bought a pair of embroidered boots for 121 gold pieces
 46282 | Orc:2    | Bought a pair of smoking gloves for 256 gold pieces
 46292 | Orc:2    | Identified a +0 pair of boots of running (You bought it in a shop on level 2 of the Orcish Mines)
 46295 | Orc:2    | Identified the cursed +0 pair of gloves of Upogul {rC- rCorr MP+9} (You bought it in a shop on level 2 of the Orcish Mines)
 46300 | Orc:2    | Bought a pair of runed gloves for 121 gold pieces
 46348 | Orc:2    | Bought a glowing chain mail for 175 gold pieces
 46510 | Vaults:1 | Entered Level 1 of the Vaults
 46596 | Vaults:1 | Reached skill level 14 in Fighting
 46996 | Vaults:1 | Reached skill level 11 in Evocations
 47671 | Vaults:1 | Found Wawneoge's Weapon Shoppe.
 47890 | Vaults:2 | Found Nenkycox's Gadget Shop.
 48157 | Vaults:2 | Found a staircase to the Crypt.
 48328 | Vaults:2 | Reached skill level 13 in Armour
 48509 | Vaults:2 | Noticed a lich
 48519 | Vaults:2 | Killed a lich
 48524 | Vaults:2 | Reached skill level 12 in Throwing
 48594 | Vaults:2 | Found a radiant altar of Vehumet.
 48660 | Vaults:2 | Got a heavily runed hat
 48661 | Vaults:2 | Identified the cursed +0 hat of the Evening Star {rElec SInv} (You found it on level 2 of the Vaults)
 48664 | Vaults:2 | Got a faintly humming hat
 48665 | Vaults:2 | Identified the +0 hat "Miozasiu" {rPois rC+ Str+4} (You found it on level 2 of the Vaults)
 48685 | Vaults:2 | Got a dazzling hat
 48686 | Vaults:2 | Identified the +1 hat "Rogaiv" {SInv} (You found it on level 2 of the Vaults)
 49232 | Vaults:3 | Reached skill level 11 in Dodging
 49651 | Vaults:3 | Reached XP level 20. HP: 182/193 MP: 34/34
 49677 | Vaults:3 | Reached skill level 21 in Invocations
 51163 | Vaults:4 | Identified the Catalogue of Nocuous Transformation
 52141 | Vaults:4 | Reached skill level 5 in Shields
 52886 | Vaults:4 | Reached skill level 15 in Fighting
 52893 | Vaults:4 | Reached skill level 6 in Shields
 53620 | Orc:2    | Bought a book of Beasts for 715 gold pieces
 53623 | Orc:2    | Learned a level 1 spell: Summon Butterflies
 54024 | Slime:1  | Entered Level 1 of the Pits of Slime
 54043 | Slime:1  | Reached skill level 14 in Armour
 54056 | Lair:8   | Reached XP level 21. HP: 136/202 MP: 35/35
 54143 | Lair:8   | Reached skill level 1 in Summonings
 54277 | Slime:2  | Reached skill level 7 in Shields
 54429 | Slime:2  | Reached skill level 8 in Shields
 54540 | Slime:2  | Reached skill level 9 in Shields
 54728 | Slime:4  | Noticed Dissolution
 54736 | Slime:4  | Killed Dissolution
 54736 | Slime:4  | Reached skill level 10 in Shields
 54826 | Slime:4  | Reached skill level 11 in Shields
 54828 | Slime:4  | Gained mutation: Armour fits poorly on your strangely shaped body. [a shining eye]
 55085 | Slime:6  | Entered Level 6 of the Pits of Slime
 55131 | Slime:6  | Reached skill level 12 in Shields
 55211 | Slime:6  | Noticed the Royal Jelly
 55471 | Slime:6  | Lost mutation: You are robust (+10% HP). [a shining eye]
 55564 | Slime:6  | Reached skill level 13 in Shields
 55783 | Slime:6  | Killed the Royal Jelly
 55783 | Slime:6  | Reached skill level 14 in Shields
 55783 | Slime:6  | Reached XP level 22. HP: 171/192 MP: 6/36
 56166 | Slime:6  | Identified Utollago's Almanac of Frigorific Fire
 56180 | Slime:6  | Got a twitching tin amulet
 56257 | Slime:6  | Identified the Almanac of the Traveller and Earth
 56270 | Slime:6  | Identified the amulet of Dualy {Gourm rElec MP+9 Dex+7} (You found it on level 6 of the Pits of Slime)
 56290 | Slime:6  | Got a translucent golden amulet
 56291 | Slime:6  | Identified the amulet "Jajek" {RegenMP rC+ Int+4} (You found it on level 6 of the Pits of Slime)
 56307 | Slime:6  | Got a slimy rune of Zot
 56406 | Slime:6  | Got a flickering lead ring
 56407 | Slime:6  | Identified the ring "Dururrim" {MP+9 Str+3 Dex+4 Stlth+} (You found it on level 6 of the Pits of Slime)
 57012 | D:13     | Bought a scroll of enchant armour for 97 gold pieces
 57012 | D:13     | Bought a scroll of enchant armour for 97 gold pieces
 57277 | Crypt:1  | Entered Level 1 of the Crypt
 57332 | Crypt:1  | Reached skill level 22 in Invocations
 57372 | Crypt:1  | Reached skill level 12 in Dodging
 57383 | Crypt:1  | Reached skill level 12 in Evocations
 57803 | Crypt:1  | Noticed Jorgrun
 57857 | Crypt:1  | Killed Jorgrun
 57857 | Crypt:1  | Reached skill level 15 in Shields
 57955 | Crypt:1  | Noticed Wiglaf
 57968 | Crypt:1  | Killed Wiglaf
 59200 | Crypt:2  | Got an ancient scale mail
 59211 | Crypt:2  | Identified the +5 scale mail "Dish" {rPois Dex+3} (You found it on level 2 of the Crypt)
 59372 | Crypt:2  | Learned a level 2 spell: Blink
 59755 | Crypt:3  | Entered Level 3 of the Crypt
 59922 | Crypt:3  | Reached skill level 1 in Translocations
 59993 | Crypt:3  | Reached skill level 13 in Throwing
 60322 | Crypt:3  | Reached XP level 23. HP: 187/199 MP: 36/38
 60348 | Crypt:3  | Noticed Frederick
 60351 | Crypt:3  | Killed Frederick
 60351 | Crypt:3  | Reached skill level 15 in Armour
 60351 | Crypt:3  | Reached skill level 2 in Translocations
 60424 | Crypt:3  | Found a staircase to the Tomb.
 60836 | Crypt:3  | Noticed a greater mummy
 60864 | Crypt:3  | Killed a greater mummy
 61013 | Crypt:3  | Identified the Tome of Evil
 61225 | Crypt:3  | Got a serpentine brass ring
 61227 | Crypt:3  | Identified the ring "Raocs" {rN+ Int+2} (You found it on level 3 of the Crypt)
 61333 | Crypt:3  | Reached skill level 3 in Translocations
 61600 | Crypt:3  | HP: 49/197 [storm dragon simulacrum[a curse skull] (6)]
 61601 | Crypt:3  | HP: 20/197 [??? (14)]
 62400 | Vaults:5 | Entered Level 5 of the Vaults
 62402 | Vaults:5 | Reached skill level 23 in Invocations
 62420 | Vaults:4 | Reached skill level 16 in Fighting
 62420 | Vaults:4 | Reached skill level 4 in Translocations
 63066 | Vaults:5 | Noticed an ancient lich
 63187 | Vaults:5 | HP: 48/202 [titan (38)]
 63200 | Vaults:5 | Killed an ancient lich
 63290 | Vaults:5 | HP: 47/202 [vampiric glaive (23)]
 63303 | Vaults:5 | Reached skill level 5 in Translocations
 63653 | Vaults:5 | Reached skill level 16 in Armour
 63653 | Vaults:5 | Reached XP level 24. HP: 77/210 MP: 38/38
 64035 | Vaults:5 | Reached skill level 13 in Evocations
 64097 | Vaults:5 | Reached skill level 6 in Translocations
 64135 | Vaults:5 | HP: 47/212 [vault warden/dire flail (23)]
 64527 | Vaults:5 | Got a flickering pewter amulet
 64528 | Vaults:5 | Identified the amulet "Rejig" {Dismiss rElec MR+ Dex+5} (You found it on level 5 of the Vaults)
 64551 | Vaults:5 | Identified the Handbook of Shifting Envenoming
 64789 | Vaults:5 | Got an ominously black robe
 64802 | Vaults:5 | Got an ivory halberd
 64803 | Vaults:5 | Identified the +8 halberd of the Equator {holy, rC+ MR+} (You found it on level 5 of the Vaults)
 64996 | Vaults:5 | Noticed an ancient lich
 64999 | Vaults:5 | Killed an ancient lich
 65487 | Vaults:5 | Got a silver rune of Zot
 66208 | Depths:1 | Entered Level 1 of the Depths
 66250 | Depths:1 | Reached skill level 24 in Invocations
 66257 | Depths:1 | Found Qudi's Jewellery Shop.
 66521 | Depths:1 | Reached skill level 13 in Dodging
 66882 | Depths:1 | Reached skill level 7 in Translocations
 67022 | Depths:1 | Reached skill level 17 in Armour
 67038 | Depths:1 | Found a gateway to a ziggurat.
 67154 | Depths:1 | Found a glowing golden altar of the Shining One.
 67493 | Depths:1 | Reached XP level 25. HP: 180/218 MP: 39/39
 67836 | Depths:1 | Reached skill level 14 in Throwing
 68031 | Zig:1    | Entered Level 1 of a ziggurat
 68031 | Zig:1    | Noticed a juggernaut
 68040 | Zig:1    | Killed a juggernaut
 68079 | Zig:2    | Entered Level 2 of a ziggurat
 68185 | Zig:3    | Entered Level 3 of a ziggurat
 68269 | Zig:4    | Entered Level 4 of a ziggurat
 68285 | Zig:4    | Identified the Papyrus of Fire and Venom
 68410 | Zig:5    | Entered Level 5 of a ziggurat
 68449 | Zig:5    | Reached skill level 17 in Fighting
 68513 | Zig:6    | Entered Level 6 of a ziggurat
 68695 | Zig:6    | Identified a +1 rod of ignition (14/14) (You found it on level 6 of a ziggurat)
 68705 | Zig:7    | Entered Level 7 of a ziggurat
 68739 | Zig:7    | Reached skill level 8 in Translocations
 68816 | Zig:7    | Got a pair of spiked boots
 68817 | Zig:7    | Identified the +0 pair of boots of the Present {+Inv rC+ MP+9} (You acquired it on level 7 of a ziggurat)
 68826 | Zig:8    | Entered Level 8 of a ziggurat
 68922 | Zig:8    | Identified the Reference Book on Unholy Companions
 68940 | Zig:9    | Entered Level 9 of a ziggurat
 68961 | Zig:9    | Reached skill level 14 in Evocations
 69030 | Zig:9    | Reached XP level 26. HP: 177/225 MP: 39/39
 69107 | Zig:9    | Got a faintly glowing copper ring
 69109 | Zig:9    | Identified the ring of the Mackerel {*Tele rElec Str-5 Int+3} (You found it on level 9 of a ziggurat)
 69149 | Zig:10   | Entered Level 10 of a ziggurat
 69552 | Zig:10   | Identified the Grimoire of Nocuous Changing (You found it on level 10 of a ziggurat)
 69558 | Zig:11   | Entered Level 11 of a ziggurat
 69577 | Zig:11   | Reached skill level 25 in Invocations
 69643 | Zig:11   | Got a bound amber ring
 69645 | Zig:11   | Identified the ring "Uxafaite" {Int+2 Stlth+} (You found it on level 11 of a ziggurat)
 69693 | Zig:11   | Reached skill level 18 in Armour
 69693 | Zig:11   | Reached XP level 27. HP: 233/233 MP: 39/39
 69717 | Zig:12   | Entered Level 12 of a ziggurat
 69754 | Zig:12   | HP: 56/233 [electric golem/bolt of lightning (5)]
 69782 | Zig:12   | HP: 46/233 [electric golem (3)]
 69791 | Zig:12   | HP: 45/233 [electric golem/bolt of lightning (3)]
 69797 | Zig:12   | HP: 39/233 [electric golem (1)]
 70289 | Zig:12   | Identified the Guide on Transmutation and Boosts (You found it on level 12 of a ziggurat)
 70305 | Zig:13   | Entered Level 13 of a ziggurat
 70313 | Zig:13   | Noticed a juggernaut
 70324 | Zig:13   | Killed a juggernaut
 70328 | Zig:13   | Reached skill level 15 in Polearms
 70330 | Zig:13   | Noticed a juggernaut
 70396 | Zig:13   | HP: 40/234 [juggernaut (62)]
 70414 | Zig:13   | HP: 8/234 [juggernaut (40)]
 70414 | Zig:13   | HP: 3/234 [juggernaut (5)]
 70462 | Zig:13   | Annihilated by a juggernaut

Skill      XL: |  1  2  3  4  5  6  7  8  9 10 11 12 13 14 15 16 17 18 19 20 21 22 23 24 25 26 27 |
---------------+----------------------------------------------------------------------------------+-----
Throwing       | 2 3 4 5 6 7 8 9 10 11 12 13 14 | 14.7
Stealth        | 2 3 4 5 |  5.5
Polearms       | 3 5 6 7 9 10 11 12 13 14 15 | 15.0
Armour         | 1 2 3 4 5 6 8 9 10 11 12 13 14 16 17 18 | 18.5
Invocations    | 2 4 7 8 10 12 13 14 16 17 18 19 20 21 22 23 24 25 | 25.5
Shields        | 1 2 3 4 6 14 15 | 15.0
Fighting       | 4 5 7 8 9 10 11 12 13 14 15 16 17 | 17.7
Evocations     | 2 3 5 6 7 8 9 10 11 12 13 14 | 14.5
Dodging        | 4 5 6 7 8 10 11 12 13 | 13.7
Summonings     | 1 |  1.3
Translocations | 1 5 7 8 |  8.3
Unarmed Combat | |  3.2

Action                   |  1- 3 |  4- 6 |  7- 9 | 10-12 | 13-15 | 16-18 | 19-21 | 22-24 | 25-27 || total
-------------------------+-------+-------+-------+-------+-------+-------+-------+-------+-------++-------
Melee: Spear             |    59 |   161 |   585 |  1015 |       |       |       |       |       ||  1820
       Punch             |     2 |     1 |     1 |       |       |       |       |       |       ||     4
       Trident           |       |       |       |   355 |  1323 |    34 |       |       |       ||  1712
       Headbutt          |       |       |       |     4 |   285 |   242 |   269 |   472 |   126 ||  1398
       Demon trident     |       |       |       |       |       |  1128 |  1314 |  1486 |   428 ||  4356
       Halberd           |       |       |       |       |       |       |       |       |    37 ||    37
 Fire: Blowgun           |       |    10 |    15 |    10 |       |       |       |       |       ||    35
Throw: Stone             |    11 |    32 |   159 |   453 |   801 |   724 |   551 |   415 |    27 ||  3173
       Tomahawk          |       |       |    11 |       |       |       |       |       |       ||    11
       Javelin           |       |       |       |       |       |       |       |     2 |     4 ||     6
Invok: Upheaval          |       |       |       |    12 |    31 |    44 |    32 |    42 |    39 ||   200
       Disaster Area     |       |       |       |       |       |     1 |       |     1 |       ||     2
Evoke: Wand              |       |       |     5 |     5 |       |       |       |     4 |     1 ||    15
       Deck              |       |       |       |     2 |       |       |       |       |       ||     2
       Phantom mirror    |       |       |       |       |       |       |       |       |     1 ||     1
  Use: Scroll            |       |     4 |     8 |    12 |    15 |    16 |    12 |    20 |    13 ||   100
       Potion            |       |       |     3 |     9 |     3 |     5 |     7 |    10 |     3 ||    40
 Stab: Sleeping          |     4 |       |     1 |       |       |       |       |       |       ||     5
       Petrifying        |       |       |       |       |     1 |       |       |       |       ||     1
       Petrified         |       |       |       |       |     1 |       |       |       |       ||     1
  Eat: Chunk             |       |     6 |    18 |    34 |    24 |    14 |    12 |    18 |     4 ||   130
       Beef jerky        |       |       |     1 |     2 |     3 |     3 |     2 |     1 |     1 ||    13
       Royal jelly       |       |       |       |     2 |     1 |       |     1 |       |     3 ||     7
       Bread ration      |       |       |       |       |     1 |     3 |     4 |     1 |     1 ||    10
       Pizza             |       |       |       |       |       |     1 |     2 |     4 |       ||     7
       Meat ration       |       |       |       |       |       |     1 |       |     2 |       ||     3
Armor: Robe              |     6 |     1 |       |       |       |       |       |       |       ||     7
       Ring mail         |       |    48 |   102 |       |       |       |       |       |       ||   150
       Plate armour      |       |       |    93 |   408 |   242 |       |       |   209 |   194 ||  1146
       Mottled dragon ar |       |       |       |       |    47 |   248 |   194 |    19 |       ||   508
Dodge: Dodged            |    12 |    57 |   133 |   168 |   156 |   317 |   321 |   270 |   262 ||  1696
       Deflected         |       |       |       |       |    29 |     9 |    24 |    17 |    14 ||    93
Block: Buckler           |       |       |   144 |   361 |   329 |   428 |   193 |       |       ||  1455
       Shield            |       |       |       |       |       |       |   347 |   657 |   380 ||  1384
       Other             |       |       |       |       |       |       |       |       |    17 ||    17

Vault maps used:
D:1:      sevenhm_arrival_forest_fort_small_4, solitary_fountain
D:2:      kennysheep_minor_cross, gammafunk_pakellas_statue_experiment,
          uniq_jessica
D:3:      first_bread, uniq_terence, uniq_iyjb
D:4:      lemuel_doored_altar
D:5:      lemuel_crystal_altar, kennysheep_generic_room_16, uniq_blork_the_orc
D:6:      xom_redecorated, vehumet_crystals, lemuel_round_altar, serial_shops,
          kennysheep_mini, minmay_three_doors, uniq_edmund
D:7:      nicolae_gozag_cash_rules_everything_around_me,
          minmay_temple_entry_butterflies, uniq_pikel
D:8:      lair_0_dummy, the_bakery, uniq_erica
D:9:      minmay_crystal_room, st_stairs_8, uniq_erolcha, uniq_grum
D:10:     basic_altar, minmay_fountain_box, st_stairs_11, uniq_psyche
D:12:     hiddenorc1_lemuel, hangedman_cracks_in_the_wall, uniq_maurice
D:13:     lightli_vaults_fourway_checkpoint, serial_shops, shop
D:14:     infiniplex_staircase_star
D:15:     gammafunk_depths_entry_grave, minivault_23
Temple:   chambers_temple_14
Lair:1:   serial_bayou_shore_a, uniq_gastronok
Lair:2:   uniq_fannar, uniq_prince_ribbit2
Lair:4:   minmay_swamp_entry_worms, uniq_rupert
Lair:5:   lemuel_centaur_altar, infiniplex_staircase_pool_2
Lair:6:   nicolae_spider_entry_orb_guardian, serial_bayou_shore_b
Lair:7:   worms_lemuel
Lair:8:   grunt_lair_end_beastmaster, dpeg_slime_entry_enclosed_altar,
          hibernation_bobbens, serial_bayou_shore_b, grunt_megastairs_5
Swamp:1:  evilmike_swamp_ruin_house_4, infiniplex_staircase_pool
Swamp:2:  evilmike_swamp_ruin_rubble_2, swamp_pool1, uniq_louise, uniq_kirke
Swamp:3:  evilmike_swamp_ruin_rubble_1, swamp_pool2
Swamp:4:  swamp_alternative, swamp_pool1
Spider:1: hangedman_spider_tarantella_strand, uniq_nikola, uniq_donald
Spider:2: nicolae_orb_stairs
Spider:3: portal_ice_cave_entry_imps, uniq_mara
Spider:4: guppyfry_spider_rune
Slime:4:  dissolution_awaits
Orc:1:    mines1_david
Orc:2:    kennysheep_orc_mage_school, serial_shops, bzr_entry_water
Vaults:1: grunt_vaults_bifocal, nicolae_vaults_little_squares_4,
          ontoclasm_vaults_decontamination, grunt_vaults_funnel,
          nicolae_vaults_twisting_passages, v_misc_31, v_alt_pattern_1,
          grunt_vaults_diagonal, hangedman_vaults_capsules, serial_shops, shop
Vaults:2: ontoclasm_vaults_ligature, nicolae_vaults_diagonal_hallway_6,
          v_misc_5, minmay_crypt_entry_simple_box, grunt_tower_of_power,
          ontoclasm_vaults_hangar, v_misc_27, dpeg_vaults_monster_box,
          serial_shops, nicolae_shop_crystal
Vaults:3: hangedman_vaults_snaps, ontoclasm_vaults_water_temple,
          vaults_mumra_chevron, nicolae_vaults_disjoint_gnomons,
          ontoclasm_vaults_ring_large, nicolae_vaults_yaktaur_gun_rack,
          grunt_vaults_swirl, v_misc_8, nicolae_vaults_what_the_h,
          ontoclasm_vaults_idyll, ontoclasm_vaults_hangar, vaults_room_corners,
          vaults_room_grid
Vaults:4: hangedman_vaults_maws, vaults_mumra_chevron_long,
          ontoclasm_vaults_chip, vaults_room_fancy_cross, hangedman_vaults_maws,
          vaults_mumra_lcd, vaults_mumra_minichess, v_misc_22, st_more_cells,
          vaults_room_fours
Crypt:1:  grunt_crypt_arrival_split, uniq_jorgrun, uniq_wiglaf
Crypt:3:  due_elkab, st_stairs_11, minivault_24, small_chamber_with_monster,
          uniq_frederick
Depths:1: minmay_skeleton_keep, enter_ziggurat_d, special_room,
          hangedman_geh_valley, corexii_leaking_fountain, kennysheep_diamond,
          tso_metal_star
Zig:2:    ziggurat_pillar_centre_c
Zig:9:    ziggurat_pillar_centre_smoke
Bazaar:   bazaar_kb_twisted_cavern
IceCv:    ice_cave_tombish

Table legend:
 A = Turns spent in this place as a percentage of turns spent in the entire game.
 B = Non-inter-level travel turns spent in this place as a percentage of non-inter-level travel turns spent in the entire game.
 C = Inter-level travel turns spent in this place as a percentage of turns spent in this place.
 D = Turns resting spent in this place as a percentage of non-inter-level travel turns spent in this place.
 E = Turns spent auto-exploring this place as a percentage of non-inter-level travel turns spent in this place.
 F = Non-inter-level travel turns spent in this place divided by the number of levels of this place that you've seen.
                   A       B       C       D       E      F
               +-------+-------+-------+-------+-------+----------------------
         Total | 100.0 | 100.0 |   0.7 |   3.0 |   5.4 | 392.3
       Dungeon |  28.0 |  27.9 |   1.0 |   2.3 |   6.8 | 475.1
        Temple |   0.1 |   0.1 |   4.8 |   0.0 |  95.0 |  20.0
          Lair |  18.3 |  18.3 |   1.0 |   3.4 |   5.1 | 582.8
         Swamp |   4.4 |   4.4 |   0.6 |   1.8 |   8.5 | 278.0
   Spider Nest |   9.1 |   9.1 |   0.4 |   3.1 |   4.4 | 581.0
    Slime Pits |   5.0 |   5.0 |   0.7 |   4.7 |   0.6 | 212.8
  Orcish Mines |   2.9 |   2.9 |   1.5 |   2.7 |   6.8 | 365.5
        Vaults |  14.0 |  14.0 |   0.5 |   3.8 |   6.9 | 713.8
         Crypt |   7.7 |   7.7 |   0.2 |   4.9 |   4.6 | 656.3
        Depths |   4.0 |   4.1 |   0.3 |   0.5 |   2.5 | 1035.0
         Abyss |   0.1 |   0.1 |   0.0 |   0.0 |   0.0 |  19.0
      Ziggurat |   4.8 |   4.8 |   0.0 |   1.8 |   0.5 |  93.9
        Bazaar |   0.4 |   0.4 |   0.0 |   0.0 |   2.7 | 113.0
      Ice Cave |   1.2 |   1.3 |   0.0 |   4.7 |   0.3 | 320.0
               +-------+-------+-------+-------+-------+----------------------

Table legend:
 A = Kills in this place as a percentage of kills in entire the game.
 B = Kills by you in this place as a percentage of kills by you in the entire game.
 C = Kills by friends in this place as a percentage of kills by friends in the entire game.
 D = Other kills in this place as a percentage of other kills in the entire game.
 E = Experience gained in this place as a percentage of experience gained in the entire game.
 F = Experience gained in this place divided by the number of levels of this place that you have seen.
                   A       B       C       D       E      F
               +-------+-------+-------+-------+-------+----------------------
         Total | 100.0 | 100.0 | 100.0 | 100.0 | 100.0 | 17389.8
       Dungeon |  22.1 |  22.0 |   0.0 |  33.3 |   6.8 | 5087.9
          Lair |  13.8 |  13.8 |   0.0 |   0.0 |   6.2 | 8801.5
         Swamp |   5.9 |   5.9 |   0.0 |   0.0 |   5.6 | 15920.0
   Spider Nest |   9.8 |   9.8 |   0.0 |   0.0 |   9.3 | 26259.8
    Slime Pits |   6.4 |   6.4 |   0.0 |   0.0 |  10.8 | 20292.5
  Orcish Mines |   4.0 |   4.0 |   0.0 |   0.0 |   1.5 | 8300.0
        Vaults |  16.8 |  16.7 |   0.0 |  66.7 |  28.7 | 64852.2
         Crypt |   8.0 |   8.0 |   0.0 |   0.0 |  11.2 | 42363.3
        Depths |   4.8 |   4.8 |   0.0 |   0.0 |   7.0 | 79328.0
      Ziggurat |   7.5 |   7.4 | 100.0 |   0.0 |  12.1 | 10484.5
      Ice Cave |   0.9 |   0.9 |   0.0 |   0.0 |   0.8 | 9555.0
               +-------+-------+-------+-------+-------+----------------------
